 Dungeon Sprint DCSS version 0.31-a0-43-g46d131a48f (webtiles) character file.

Game seed: 2909307635787070827

2354 bmack86 the Cleaver (level 9, -13/90 HPs)
             Began as a Minotaur Fighter on May 19, 2023.
             Was a Priest of Okawaru.
             Killed from afar by an acid dragon (22 damage)
             ... with a splash of acid
             ... in the Dungeon (Sprint IX: "|||||||||||||||||||||||||||||").
             The game lasted 00:03:22 (447 turns).

bmack86 the Cleaver (Minotaur Fighter)               Turns: 447, Time: 00:03:23

Health: -13/90     AC: 19    Str: 25    XL:     9   Next: 20%
Magic:  11/13      EV:  9    Int:  8    God:    Okawaru [***...]
Gold:   0          SH:  5    Dex: 10    Spells: 8/8 levels left

rFire   . . .        m - +1 broad axe (heavy)
rCold   . . .        c - +0 buckler
rNeg    . . .        q - +0 plate armour
rPois   .            (helmet restricted)
rElec   .            o - +0 cloak
rCorr   .            (no gloves)
SInv    .            p - +0 pair of boots
Will    .....        (no amulet) Stlth
                     r - +3 ring of intelligence
HPRegen 0.35/turn    s - +2 ring of protection
MPRegen 0.13/turn

%: no teleportation
@: heroic, corroded
A: horns 2, retaliatory headbutt
a: Renounce Religion, Heroism


You were in the Dungeon.
You worshipped Okawaru.
Okawaru was most pleased with you.
You visited 1 branch

Inventory:

Hand Weapons
 m - a +1 heavy broad axe (weapon)
 n - the +2 morningstar of Hacking and Slashing {freeze, rC+ Str+2}
   (You found it in the Dungeon)

   Str:       It affects your strength (+2).
   rC:        It protects you from cold.
Armour
 b - a +0 scale mail
 c - a +0 buckler (worn)
 o - a +0 cloak (worn)
 p - a +0 pair of boots (worn)
 q - a +0 plate armour (worn)
Jewellery
 r - a +3 ring of intelligence (left hand)
 s - a +2 ring of protection (right hand)
Wands
 l - a wand of iceblast (10)
Scrolls
 j - 2 scrolls of blinking
 k - 2 scrolls of amnesia
Potions
 e - a potion of invisibility
 f - 2 potions of heal wounds
 g - a potion of haste
 h - 4 potions of magic
 i - 4 potions of curing


   Skills:
 + Level 11.9(16.9) Fighting
 + Level 13.3(18.9) Axes
 - Level 6.5(15.8) Maces & Flails
 + Level 11.9(16.9) Armour
 - Level 3.6(8.6) Shields
 + Level 7.6 Invocations
 + Level 6.9 Evocations


You had 8 spell levels left.
You didn't know any spells.
Your spell library was empty.

Dungeon Overview and Level Annotations

Branches:
Dungeon (1/1)

Altars:
Cheibriados
Dithmenos
Elyvilon
Fedhas
Gozag
Hepliaklqana
Kikubaaqudgha
Makhleb
Nemelex Xobeh
Okawaru
Qazlal
Ru
Sif Muna
Trog
Uskayaw
Vehumet
Wu Jian
Xom
Yredelemnul
Zin
The Shining One
Jiyva
Lugonu


Innate Abilities, Weirdness & Mutations

You have a pair of horns on your head.
You reflexively headbutt those who attack you in melee.


Message History

The nine-headed hydra bites you.
You block the nine-headed hydra's attack.
You slice one of the nine-headed hydra's heads off!
The eight-headed hydra grows two more!
You slice the ten-headed hydra!!
Your headbutt misses the ten-headed hydra.
The ten-headed hydra is almost dead.
The boulder beetle leaps!
The ten-headed hydra bites you but does no damage. x2
You block the ten-headed hydra's attack.
The ten-headed hydra bites you but does no damage. x5
The ten-headed hydra closely misses you.
The ten-headed hydra bites you but does no damage.
The ten-headed hydra closely misses you.
You furiously retaliate!
You headbutt the ten-headed hydra!
You kill the ten-headed hydra!
Okawaru is honoured by your kill.
Your base Axes skill increases to level 13!
Your Invocations skill increases to level 7!
You have reached level 9!
Your experience leads to an increase in your attributes!
Your base attributes are Str 23, Int 5, Dex 10.
Increase (S)trength, (I)ntelligence, or (D)exterity?
You feel stronger. x2
The acid dragon spits acid at you. The splash of acid hits you!
* * * LOW HITPOINT WARNING * * *
The acid corrodes you!
Things that are here:
a +0 shortbow; a hydra corpse; a centaur corpse You closely miss the acid dragon.
Your headbutt misses the acid dragon. The acid dragon closely misses you.
The acid dragon claws you.
* * * LOW HITPOINT WARNING * * *
You closely miss the acid dragon.
The acid dragon bites you but does no damage.
The acid dragon claws you but does no damage.
Unknown command.
You closely miss the acid dragon. The acid dragon spits acid at you.
The splash of acid hits you!!
You die... ▓▓▓▓▓▓▓▓▓▓▓▓▓▓▓▓▓▓▓▓▓▓▓ .)......)†.....'@Dy9B.+ ▓▓▓▓▓▓▓▓▓▓▓▓▓▓▓▓▓▓▓▓▓▓▓

You could see a boulder beetle, an acid dragon (catching breath), a vampire mosquito and a gargoyle.

Vanquished Creatures
  A hydra (D)
  A centaur warrior (D)
  An unseen horror (D)
  A troll (D)
  2 vampire mosquitoes (D)
  A yak (D)
  A centaur (D)
  A phantom (D)
  A scorpion (D)
  A howler monkey (D)
  An iguana (D)
  A dart slug (D)
  An endoplasm (D)
  A kobold (D)
  A quokka (D)
  2 bats (D)
18 creatures vanquished.

Notes
Turn   | Place    | Note
-------+----------+-------------------------------------------
     0 | D        | bmack86 the Minotaur Fighter began the quest for the Orb.
     0 | D        | Reached XP level 1. HP: 19/19 MP: 0/0
     6 | D        | Reached skill level 3 in Axes
    18 | D        | Reached skill level 4 in Axes
    20 | D        | Noticed a howler monkey
    20 | D        | Noticed a scorpion
    20 | D        | Noticed an iguana
    20 | D        | Noticed a phantom
    31 | D        | Killed a howler monkey
    32 | D        | Reached skill level 5 in Fighting
    32 | D        | Reached skill level 6 in Axes
    32 | D        | Reached skill level 5 in Armour
    32 | D        | Reached XP level 2. HP: 16/29 MP: 1/1
    32 | D        | Reached XP level 3. HP: 21/36 MP: 2/2
    37 | D        | Killed a scorpion
    38 | D        | Reached skill level 8 in Axes
    38 | D        | Reached XP level 4. HP: 21/45 MP: 3/3
    43 | D        | Killed a phantom
    44 | D        | Reached skill level 10 in Axes
    44 | D        | Reached XP level 5. HP: 7/53 MP: 4/4
   192 | D        | Found a snail-covered altar of Cheibriados.
   192 | D        | Found a shadowy altar of Dithmenos.
   192 | D        | Found a white marble altar of Elyvilon.
   192 | D        | Found a blossoming altar of Fedhas.
   192 | D        | Found an opulent altar of Gozag.
   193 | D        | Found a hazy altar of Hepliaklqana.
   194 | D        | Found a viscous altar of Jiyva.
   195 | D        | Found an ancient bone altar of Kikubaaqudgha.
   196 | D        | Found a corrupted altar of Lugonu.
   197 | D        | Found a burning altar of Makhleb.
   198 | D        | Found a sparkling altar of Nemelex Xobeh.
   199 | D        | Found an iron altar of Okawaru.
   200 | D        | Found a stormy altar of Qazlal.
   201 | D        | Found a sacrificial altar of Ru.
   202 | D        | Found a shimmering blue altar of Sif Muna.
   203 | D        | Found a bloodstained altar of Trog.
   204 | D        | Found a hide-covered altar of Uskayaw.
   205 | D        | Found a radiant altar of Vehumet.
   206 | D        | Found an ornate altar of the Wu Jian Council.
   207 | D        | Found a shimmering altar of Xom.
   208 | D        | Found a basalt altar of Yredelemnul.
   209 | D        | Found a glowing silver altar of Zin.
   213 | D        | Became a worshipper of Warmaster Okawaru
   217 | D        | Found a glowing golden altar of the Shining One.
   236 | D        | Got the +2 morningstar of Hacking and Slashing {freeze, rC+
                  | Str+2}
   268 | D        | Noticed a troll
   268 | D        | Noticed a vampire mosquito
   268 | D        | Noticed a centaur
   268 | D        | Noticed a yak
   268 | D        | Noticed a vampire mosquito
   272 | D        | Killed a troll
   273 | D        | Reached XP level 6. HP: 45/62 MP: 4/7
   284 | D        | Killed a vampire mosquito
   284 | D        | Reached * piety under Okawaru
   285 | D        | Reached skill level 11 in Axes
   285 | D        | Reached XP level 7. HP: 33/70 MP: 5/9
   290 | D        | Killed an unseen horror
   290 | D        | Reached ** piety under Okawaru
   291 | D        | Reached skill level 10 in Fighting
   291 | D        | Reached skill level 5 in Maces & Flails
   291 | D        | Reached skill level 5 in Invocations
   293 | D        | Killed a yak
   294 | D        | Reached skill level 10 in Armour
   294 | D        | Reached XP level 8. HP: 35/79 MP: 6/11
   296 | D        | Reached skill level 12 in Axes
   296 | D        | Reached skill level 5 in Evocations
   432 | D        | Noticed a centaur warrior
   432 | D        | Noticed a seven-headed hydra
   432 | D        | Noticed a boulder beetle
   432 | D        | Noticed a gargoyle
   437 | D        | Killed a centaur warrior
   437 | D        | Reached *** piety under Okawaru
   443 | D        | Killed a ten-headed hydra
   444 | D        | Reached skill level 13 in Axes
   444 | D        | Reached XP level 9. HP: 28/90 MP: 10/13
   447 | D        | Killed from afar by an acid dragon

Illustrated notes

Levels and vault maps discovered:
D:        linesprint [early_d, line_temple, items_1, d_10, items_2, lair_1,
          lair_end, items_3, orc_1, orc_end, items_4, d_15, swamp_1, shoals_1,
          snake_1, spider_1, d_20, vaults_1, items_5, swamp_end, shoals_end,
          snake_end, spider_end, vaults_end, d_27, items_6, zot_1, zot_end,
          crypt_end, forest_end, elf_end, slime_end, tomb_end, abyss_end,
          pan_hell_end]

Skill      XL: |  1  2  3  4  5  6  7  8 |
---------------+-------------------------+-----
Axes           | 6 8 10 11 13 | 13.3
Fighting       | 5 6 7 8 9 10 11 | 11.9
Armour         | 5 6 7 8 9 10 11 | 11.9
Maces & Flails | 3 4 6 |  6.5
Invocations    | 3 4 5 7 |  7.6
Evocations     | 2 3 4 6 |  6.9
Shields        | |  3.6

Action                     |  1- 3 |  4- 6 |  7- 9 || total
---------------------------+-------+-------+-------++-------
  Melee: War axe           |    26 |     5 |       ||    31
         Headbutt          |     3 |     1 |     2 ||     6
         Morningstar       |       |    14 |    10 ||    24
         Broad axe         |       |       |    12 ||    12
 Invoke: Heroism           |       |       |     1 ||     1
    Use: Potion            |     1 |     3 |       ||     4
 Armour: Scale mail        |     7 |     1 |       ||     8
         Plate armour      |       |    15 |    39 ||    54
  Dodge: Dodged            |    16 |     6 |    15 ||    37
  Block: Buckler           |     6 |     5 |    13 ||    24

Table legend: (Time is in decaauts)
 A = Elapsed time spent in this place.
 B = Non-inter-level travel time spent in this place.
 C = Inter-level travel time spent in this place.
 D = Time resting spent in this place.
 E = Time spent auto-exploring this place.
 F = Levels seen in this place.
 G = Mean time per level.
                   A        B        C        D        E       F      G
               +--------+--------+--------+--------+--------+-----+--------+
         Total |    466 |    466 |      0 |    279 |      0 |   1 |  466.0 |
       Dungeon |    466 |    466 |      0 |    279 |      0 |   1 |  466.0 |
               +--------+--------+--------+--------+--------+-----+--------+

Top non-repeatable levels by time:
       D: 466 daAuts
